 Dungeon Crawl Stone Soup version 0.30-a0-632-g346586fe48 (webtiles) character file.

Game seed: 13529691019812823249

266 Mitcholas the Shooter (level 6, -1/36 HPs)
             Began as a Deep Elf Hunter on Jan 13, 2023.
             Succumbed to Sigmund's poison
             ... on level 5 of the Dungeon.
             The game lasted 00:06:40 (3350 turns).

Mitcholas the Shooter (Deep Elf Hunter)             Turns: 3350, Time: 00:06:41

Health: -1/36      AC:  8    Str:  8    XL:     6   Next: 0%
Magic:  8/8        EV: 13    Int: 14    God:
Gold:   220        SH:  0    Dex: 20    Spells: 5/5 levels left

rFire   . . .      SeeInvis .    a - +0 shortbow
rCold   . . .      Faith    .    (shield currently unavailable)
rNeg    . . .      Spirit   .    c - +0 leather armour
rPois   .          Reflect  .    q - +0 helmet
rElec   .          Harm     .    (no cloak)
rCorr   .          Rampage  .    (no gloves)
Will    +....                    (no boots)
Stlth   +++                      d - amulet of regeneration
HPRegen 1.06/turn                f - +4 ring of protection
MPRegen 0.11/turn                j - ring of willpower

@: lethally poisoned (-1 -> -6)
A: no striking features
a: no special abilities


You were on level 5 of the Dungeon.
You visited 1 branch of the dungeon, and saw 5 of its levels.

You collected 220 gold pieces.

Inventory:

Hand Weapons
 a - a +0 shortbow (weapon)
Armour
 c - a +0 leather armour (worn)
 q - a +0 helmet (worn)
Jewellery
 d - an amulet of regeneration (around neck)
 f - a +4 ring of protection (left hand)
 j - a ring of willpower (right hand)
 w - a ring of wizardry
Wands
 n - a wand of polymorph (16)
Scrolls
 b - a scroll of immolation
 i - 3 scrolls of fear {unknown}
 l - 7 scrolls of teleportation {unknown}
 m - a scroll of torment {unknown}
 o - 7 scrolls of identify {unknown}
 t - a scroll of enchant weapon {unknown}
 u - a scroll of vulnerability {unknown}
 y - a scroll of acquirement {unknown}
 A - a scroll of enchant armour {unknown}
Potions
 e - 3 potions of curing {unknown}
 g - a potion of haste {unknown}
 h - 3 potions of mutation {unknown}
 k - a potion of attraction {unknown}
 p - 2 potions of cancellation {unknown}
 r - a potion of ambrosia {unknown}
 s - a potion of flight {unknown}
 v - a potion of magic {unknown}
 x - a potion of resistance {unknown}
 z - 2 potions of lignification {unknown}


   Skills:
 + Level 2.6 Fighting
 * Level 7.3 Ranged Weapons
 + Level 3.9 Dodging
 + Level 3.5 Stealth


You had 5 spell levels left.
You didn't know any spells.
Your spell library contained the following spells:

 Spells                   Type           Power      Damage    Failure   Level
 Slow                     Hex            0%         N/A       38%         1
 Cigotuvi's Dreadful Rot  Necr/Pois/Air  0%         N/A       54%         2
 Poisonous Vapours        Pois/Air       0%         N/A       54%         2
 Confusing Touch          Hex            0%         N/A       77%         3
 Mephitic Cloud           Conj/Pois/Air  0%         N/A       77%         3
 Vampiric Draining        Necr           0%         2d6       77%         3


Dungeon Overview and Level Annotations

Branches:
Dungeon (5/15)
 Temple: D:4-7

Altars:
Uskayaw
Xom

Annotations:
D:4 exclusion: water moccasin
D:5 Sigmund


Message History

You shoot an arrow. The arrow barely misses Sigmund.
You feel sick. Sigmund barely misses you. Sigmund misses you.
Fire: a) +0 shortbow
Press: ? - help, Q - select action, (/) - cycle Shift-Dir - straight line, f/p - Sigmund
Aim: Sigmund the killer bee (42% to hit)
You shoot an arrow. The arrow hits Sigmund.
Sigmund is lightly wounded.
You feel sick. Sigmund closely misses you. Sigmund stings you. x2
You are more poisoned.
Sigmund poisons you!
Fire: a) +0 shortbow
Press: ? - help, Q - select action, (/) - cycle Shift-Dir - straight line, f/p - Sigmund
Aim: Sigmund the killer bee (lightly wounded, 42% to hit)
You shoot an arrow. The arrow misses Sigmund.
You feel very sick. Sigmund barely misses you. Sigmund completely misses you.
Fire: a) +0 shortbow
Press: ? - help, Q - select action, (/) - cycle Shift-Dir - straight line, f/p - Sigmund
Aim: Sigmund the killer bee (lightly wounded, 42% to hit)
You shoot an arrow. The arrow hits Sigmund!
Sigmund is severely wounded.
You feel very sick. Sigmund stings you.
* * * LOW HITPOINT WARNING * * *
Sigmund stings you.
* * * LOW HITPOINT WARNING * * *
Fire: a) +0 shortbow
Press: ? - help, Q - select action, (/) - cycle Shift-Dir - straight line, f/p - Sigmund
Aim: Sigmund the killer bee (severely wounded, 42% to hit)
You shoot an arrow. The arrow closely misses Sigmund.
You feel sick. Sigmund closely misses you.
Sigmund stings you but does no damage. Sigmund stings you.
* * * LOW HITPOINT WARNING * * *
You are more poisoned.
Sigmund poisons you!
Fire: a) +0 shortbow
Press: ? - help, Q - select action, (/) - cycle Shift-Dir - straight line, f/p - Sigmund
Aim: Sigmund the killer bee (severely wounded, 42% to hit)
You shoot an arrow. The arrow misses Sigmund.
You die...

#.. #..##... #..
#..##..##..
#..##..... .
#..###...##.. #..#
.8... #..# ...##
#..###....#
#...@y)# #.####..#
#.# #.[# .8 #.#
#..#.. #.# #..).
#.### #.#.#. #...#
##.#.#
###'###....#
#≈≈~≈≈#....######.


You could see Sigmund the killer bee.

Vanquished Creatures
  An ogre (D:5)
  An orc priest (D:3)
  A hound (D:4)
  2 orc wizards
  2 adders (D:3)
  A dart slug (D:4)
  3 orcs
  6 ball pythons
  6 bats
  6 endoplasms
  3 giant cockroaches
  7 goblins
  5 hobgoblins
  7 kobolds
  A quokka (D:5)
  3 frilled lizards
  4 rats
59 creatures vanquished.

Notes
Turn   | Place    | Note
-------+----------+-------------------------------------------
     0 | D:1      | Mitcholas the Deep Elf Hunter began the quest for the Orb.
     0 | D:1      | Reached XP level 1. HP: 12/12 MP: 3/3
   108 | D:1      | Found a faded altar of an unknown god.
   137 | D:1      | Reached XP level 2. HP: 17/17 MP: 4/4
   905 | D:2      | Found a shimmering altar of Xom.
  1319 | D:3      | Reached XP level 3. HP: 21/21 MP: 5/5
  1397 | D:3      | Reached skill level 6 in Ranged Weapons
  1653 | D:3      | Reached XP level 4. HP: 26/26 MP: 6/6
  2015 | D:3      | Found a hide-covered altar of Uskayaw.
  2493 | D:4      | Identified the +8 quarterstaff "Donimnoc" {antimagic,
                  | Int+5}
  2540 | D:4      | Found a shimmering altar of Xom.
  2823 | D:4      | Reached XP level 5. HP: 29/31 MP: 7/7
  2842 | D:4      | Noticed a water moccasin
  3088 | D:5      | Entered Level 5 of the Dungeon
  3108 | D:4      | Reached skill level 7 in Ranged Weapons
  3282 | D:5      | Noticed an ogre
  3288 | D:5      | Killed an ogre
  3333 | D:5      | Noticed Sigmund
  3336 | D:5      | Sigmund changed into Sigmund the killer bee
  3336 | D:5      | Noticed Sigmund
  3345 | D:5      | Reached XP level 6. HP: 26/36 MP: 8/8
  3349 | D:5      | HP: 1/36 [Sigmund the killer bee (4)]
  3350 | D:5      | Succumbed to Sigmund's poison

Illustrated notes

Levels and vault maps discovered:
D:1:      shiori_arrival_maze, layout_basic, chequers_ecumenical_altar_island
D:2:      layout_loops_ring, basic_altar
D:3:      layout_loops_corners, nicolae_uskayaw_suspiria, serial_rivers,
          chequers_serial_rivers_small_3, chequers_serial_rivers_small_3,
          chequers_serial_rivers_room_a, chequers_serial_rivers_micro_b
D:4:      nicolae_cairo_tiling_large_dashed, layout_basic, xom_teletrap_fun,
          minmay_box_of_dots
D:5:      layout_loops_ring, makhleb_altar_promises_db,
          minmay_temple_entry_waves, serial_rivers,
          chequers_serial_rivers_micro_b, chequers_serial_rivers_marsh,
          chequers_serial_rivers_small_3, chequers_serial_rivers_room_b,
          minmay_manual_mail, uniq_sigmund

Skill      XL: |  1  2  3  4  5 |
---------------+----------------+-----
Stealth        | 2 3 |  3.5
Fighting       | 2 |  2.6
Ranged Weapons | 6 7 |  7.3
Dodging        | 3 |  3.9

Action                   |  1- 3 |  4- 6 || total
-------------------------+-------+-------++-------
 Fire: Shortbow          |    80 |    98 ||   178
Evoke: Wand              |       |     3 ||     3
Armor: Leather armour    |     4 |    20 ||    24
Dodge: Dodged            |     7 |    40 ||    47

Table legend: (Time is in decaauts)
 A = Elapsed time spent in this place.
 B = Non-inter-level travel time spent in this place.
 C = Inter-level travel time spent in this place.
 D = Time resting spent in this place.
 E = Time spent auto-exploring this place.
 F = Levels seen in this place.
 G = Mean time per level.
                   A        B        C        D        E       F      G
               +--------+--------+--------+--------+--------+-----+--------+
         Total |   3404 |   3192 |    212 |      8 |   2784 |   5 |  680.8 |
       Dungeon |   3404 |   3192 |    212 |      8 |   2784 |   5 |  680.8 |
               +--------+--------+--------+--------+--------+-----+--------+

Top non-repeatable levels by time:
     D:3: 1105 daAuts
     D:4: 795 daAuts
     D:1: 705 daAuts
     D:2: 627 daAuts
     D:5: 170 daAuts
